 Dungeon Crawl Stone Soup version 0.30-a0-42-g806c11bf1d (webtiles) character file.

Game seed: 544951748791437670

4 Nattfarinn the Magician (level 1, -2/15 HPs)
             Began as a Djinni Necromancer on Aug 30, 2022.
             Slain by a quokka (5 damage)
             ... on level 1 of the Dungeon.
             The game lasted 00:00:14 (192 turns).

Nattfarinn the Magician (Djinni Necromancer)         Turns: 192, Time: 00:00:15

Health: -2/15      AC:  2    Str:  7    XL:     1   Next: 66%
Gold:   13         EV: 12    Int: 16    God:
                   SH:  0    Dex: 13

rFire   + + .      SeeInvis .    (no weapon)
rCold   x . .      Faith    .    (no shield)
rNeg    . . .      Spirit   .    a - +0 robe
rPois   ∞          Reflect  .    (no helmet)
rElec   .          Harm     .    (no cloak)
rCorr   .          Rampage  .    (no gloves)
Will    .....                    (boots unavailable)
Stlth   ++........               (no amulet)
HPRegen 0.05/turn                (no ring)
MPRegen 0.00/turn                (no ring)

@: flying
A: sickness immunity, fire resistance 2, cold vulnerability 1, float, innate
caster, HP casting, extra vitality 1
a: no special abilities


You were on level 1 of the Dungeon.
You visited 1 branch of the dungeon, and saw 1 of its levels.

You collected 13 gold pieces.

Inventory:

Armour
 a - a +0 robe (worn)


   Skills:
 - Level 2.1 Dodging
 - Level 1.5 Stealth
 + Level 3.4 Spellcasting


You couldn't memorise any spells.
You knew the following spells:

 Your Spells              Type           Power      Damage    Failure   Level
a - Necrotise             Necr           52%        1d6       4%          1
b - Vampiric Draining     Necr           13%        2d6       13%         3
c - Animate Dead          Necr           13%        N/A       41%         4
d - Agony                 Necr           13%        N/A       77%         5
Your spell library was empty.

Dungeon Overview and Level Annotations

Branches:
Dungeon (1/15)

Altars:


Innate Abilities, Weirdness & Mutations

You are immune to sickness and miasma.
You are immune to poison.
Your flesh is very heat resistant. (rF++)
You are vulnerable to cold. (rC-)
You float through the air rather than walking.
You learn spells naturally, not from books.
Your magical power is your life essence.
You have superior vitality. (+4 MHP)


Message History

The quokka barely resists.
Your bat skeleton completely misses the quokka.
Your bat skeleton misses the quokka.
Your bat skeleton hits the quokka but does no damage.
The quokka barely resists.
Your bat skeleton closely misses the quokka.
Your bat skeleton misses the quokka.
The quokka bites you.
The quokka barely resists.
Your bat skeleton closely misses the quokka. x2
The quokka closely misses you.
Your bat skeleton barely misses the quokka.
The quokka writhes in agony.
Your bat skeleton barely misses the quokka.
Your bat skeleton closely misses the quokka.
The quokka bites you but does no damage.
The quokka writhes in agony.
Your bat skeleton hits the quokka but does no damage.
Your bat skeleton closely misses the quokka.
The quokka misses you.
Your bat skeleton closely misses the quokka.
You are too injured to fight recklessly!
You are too injured to fight recklessly!
You are too injured to fight recklessly!
You are too injured to fight recklessly!
You hit the quokka but do no damage.
The quokka is severely wounded.
Your bat skeleton misses the quokka. x2; The quokka barely misses you.
Your bat skeleton hits the quokka but does no damage.
The quokka bites your bat skeleton.
You hit the quokka.
The quokka is almost dead.
Your bat skeleton hits the quokka but does no damage. x2
Your bat skeleton completely misses the quokka.
The quokka bites you.
* * * LOW HITPOINT WARNING * * *
You barely miss the quokka.
The quokka is almost dead.
Your bat skeleton barely misses the quokka. x2
The quokka bites you.
You die...

##.#.## #
#8.#.8# # . .#.
##.#.## .#..
....#8...8#.....
....###'###.....
................
##.#..........:.
#.....$......
##..@.....#..
##.r.....# .
#.Z....!#
........#
##.......#
#....)...#
#.........
#.......#.


You could see a quokka (ally target) and a friendly bat skeleton.

Vanquished Creatures
  A dart slug (D:1)
  A bat (D:1)
  A rat (D:1)
3 creatures vanquished.

Notes
Turn   | Place    | Note
-------+----------+-------------------------------------------
     0 | D:1      | Nattfarinn the Djinni Necromancer began the quest for the
                  | Orb.
     0 | D:1      | Nattfarinn set off with the following spells memorised:
                  | Necrotise, Vampiric Draining, Animate Dead, Agony.
     0 | D:1      | Reached XP level 1. HP: 15/15 MP: 0/0
   192 | D:1      | Slain by a quokka

Illustrated notes

Levels and vault maps discovered:
D:1:      heliophobic_arrival_ceremonial_halls, layout_rooms,
          hangedman_feature_mirror

Action                   || total
-------------------------++-------
Melee: Unarmed           ||     3
 Cast: Necrotise         ||    15
Armor: Robe              ||     2
Dodge: Dodged            ||     4

Table legend: (Time is in decaauts)
 A = Elapsed time spent in this place.
 B = Non-inter-level travel time spent in this place.
 C = Inter-level travel time spent in this place.
 D = Time resting spent in this place.
 E = Time spent auto-exploring this place.
 F = Levels seen in this place.
 G = Mean time per level.
                   A        B        C        D        E       F      G
               +--------+--------+--------+--------+--------+-----+--------+
         Total |    192 |    192 |      0 |      0 |    169 |   1 |  192.0 |
       Dungeon |    192 |    192 |      0 |      0 |    169 |   1 |  192.0 |
               +--------+--------+--------+--------+--------+-----+--------+

Top non-repeatable levels by time:
     D:1: 192 daAuts
